 Dungeon Crawl Stone Soup version bcrawl-1.40.2 (webtiles) character file.

Game seed: 6573711942642863460

538866 kosoiffoigrumme1174 the Grand Scion (level 13, -6/73 HPs)
             Began as a Mana Stalker Monk on Nov 6, 2023.
             Was a High Priest of Hepliaklqana.
             Killed from afar by an ice dragon (24 damage)
             ... with a blast of cold
             ... on level 12 of the Dungeon.
             The game lasted 00:25:53 (10186 turns).

kosoiffoigrumme1174 the Grand Scion (VSMo)         Turns: 10186, Time: 00:25:53

Health: -6/73      AC: 20    Str: 15    XL:     13   Next: 1%
Magic:  0/23       EV: 17    Int: 10    God:    Hepliaklqana [*****.]
Gold:   899        SH:  0    Dex: 27    Spells: 12/12 levels left

rFire    . . .     GDR:     36% a - +2 dagger (venom)
rCold    . . .     SeeInvis .   (no shield)
rNeg     . . .     Gourm    .   M - +5 chain mail "Qeilaj" {*Drain rPois Regen+}
rPois    +         Faith    .   c - +0 hat
rElec    .         Spirit   +   H - +2 cloak
rCorr    .         Reflect  .   N - +0 pair of gloves
MR       +++..                  R - +2 pair of boots
Stlth    ..........             d - amulet of guardian spirit
HPRegen  1.02/turn              Q - +3 ring of evasion
MPRegen  0.18/turn              G - +6 ring of dexterity

@: no status effects
A: reduced essence, fangs 3, magic resistance 2, regeneration 1, antimagic bite,
no potion heal 3, rot immunity, strong jaws
a: Recall Ancestor, Ancestor Identity, Transference, Incarnate, Renounce
Religion


You were on level 12 of the Dungeon.
You worshipped Hepliaklqana.
Hepliaklqana was extremely pleased with you.
You were hungry.

You visited 1 branch of the dungeon, and saw 12 of its levels.

You collected 899 gold pieces.

Inventory:

Hand Weapons
 a - a +2 dagger of venom (weapon)
 b - the +2 quarterstaff of Ypek {holy, +Rage}
   (You found it on level 11 of the Dungeon)

   It has been blessed by the Shining One to cause great damage to the undead
   and demons.
   It lets you go berserk.
Missiles
 h - 3670 stones
 r - 1255 sling bullets
 s - 2 throwing nets {=f}
 C - 377 poisoned tomahawks (quivered)
Armour
 c - a +0 hat (worn)
 H - a +2 cloak (worn)
 M - the +5 chain mail "Qeilaj" (worn) {*Drain rPois Regen+}
   (You took it off an orc on level 8 of the Dungeon)

   It protects you from poison.
   It increases your rate of regeneration.
   It causes draining when unequipped.
 N - a +0 pair of gloves (worn)
 R - a +2 pair of boots (worn)
Jewellery
 d - an amulet of guardian spirit (around neck)
 j - an uncursed amulet of the gourmand {unknown}
 z - an uncursed ring of insulation
 G - a +6 ring of dexterity (right hand)
 K - an uncursed ring of protection from cold
 Q - a +3 ring of evasion (left hand)
Wands
 l - a wand of flame (7)
 F - a wand of polymorph (34)
 P - a wand of paralysis (16)
 S - a wand of scattershot (6)
Scrolls
 f - 8 scrolls of remove curse
 i - a scroll of identify
 n - 3 scrolls of revelation
 o - 2 scrolls of noise {unknown}
 p - a scroll of enchant weapon {unknown}
 q - 3 scrolls of enchant armour
 u - 2 scrolls of fog
 v - a scroll of fear {unknown}
 x - 3 scrolls of amnesia
 y - a scroll of immolation {unknown}
 E - 4 scrolls of teleportation {unknown}
 J - a scroll of acquirement {unknown}
Potions
 g - 2 potions of brilliance
 m - 2 potions of mutation
 t - 2 potions of cancellation
 w - 2 potions of haste
 A - a potion of agility {unknown}
 B - 3 potions of lignification
 D - 2 potions of degeneration
 I - 3 potions of curing {unknown}
 L - a potion of berserk rage {unknown}
 O - a potion of heal wounds {unknown}
Miscellaneous
 k - a lamp of fire
Comestibles
 e - 30 rations {!d}


   Skills:
 - Level 10.0 Fighting
   Level 2.6 Axes
 - Level 10.0 Dodging
 + Level 3.1 Stealth
 - Level 10.0 Unarmed Combat
 - Level 13.3 Invocations
 + Level 0.2 Evocations


You had 12 spell levels left.
You didn't know any spells.
Your spell library contained the following spells:

 Spells                   Type           Power        Failure   Level  Hunger
 Magic Dart               Conj           #...         100%        1    None
 Necrotize                Necr           #.....       100%        1    None
 Sting                    Conj/Pois      #...         100%        1    None
 Poisonous Vapours        Pois/Air       #.....       100%        2    ####...
 Searing Ray              Conj           #.......     100%        2    ####...
 Ignite Poison            Fire/Tmut/Pois #.......     100%        3    #####..
 Iskenderun's Mystic Bla  Conj           #.......     100%        3    #####..
 Vampiric Draining        Necr           #.........   100%        3    #####..
 Agony                    Necr           #.......     100%        4    ######.
 Airstrike                Air            #.........   100%        4    ######.
 Animate Dead             Necr           N/A          100%        4    ######.
 Fulminant Prism          Conj/Hex       #.........   100%        4    ######.
 Olgreb's Toxic Radiance  Pois           #........    100%        4    ######.
 Summon Scorpions         Summ/Pois      #.......     100%        4    ######.
 Dispel Undead            Necr           #.......     100%        5    #######
 Irradiate                Conj/Tmut      #.........   100%        5    #######
 Silence                  Hex/Air        #.........   100%        5    #######
 Venom Bolt               Conj/Pois      #.........   100%        5    #######
 Deflect Missiles         Chrm/Air       #.........   100%        6    #######
 Tornado                  Tloc/Air       #.........   100%        8    #######


Dungeon Overview and Level Annotations

Branches:
Dungeon (12/12)            Temple (0/1) D:6            Lair (0/6) D:7
    Orc (0/1) D:8
 Vaults: D:11-12     Depths: D:12

Altars:
Ashenzari
Elyvilon
Fedhas
Hepliaklqana
Lugonu
Makhleb
Nemelex Xobeh
Okawaru
Sif Muna
Uskayaw
Wu Jian
Xom
The Shining One

Shops:
D:5 (   D:12 *


Innate Abilities, Weirdness & Mutations

You have razor-sharp teeth.
You are highly resistant to hostile enchantments. (MR++)
Your natural rate of healing is unusually fast.
Your bite disrupts and absorbs the magic of your enemies.
Potions cannot restore your health.
You are immune to rotting.
Your bites deal extra damage.
Your life essence is reduced to manifest your ancestor. (-10% HP)


Message History

The fire dragon breathes flames at you. The blast of flame hits you!!
You see here a ring mail.
Okay, then.
Okay, then.
Something bites Londisizwe!
Something claws Londisizwe.
Something tramples Londisizwe.
Londisizwe holds his ground!
Londisizwe points at the fire dragon and mumbles some strange words.
The fire dragon resists with almost no effort.
The fire dragon bites Londisizwe!
The fire dragon barely misses Londisizwe.
The fire dragon tramples Londisizwe!
Londisizwe is shoved backwards!
Londisizwe is destroyed!
The fire dragon breathes flames at you. The blast of flame hits you!!
* * * LOW HITPOINT WARNING * * *
You are feeling hungry.
The ice dragon breathes frost at you. The blast of cold hits you!!
You die...

##.##.†...##
#.###..........# .
#..............###.#
#######..###.......#.##.
#........# ##...<)......
####'##### #..........#
##≈≈.§≈## ##........##
#§≈≈.≈≈≈######.....#.##
#≈≈≈.≈≈≈#.......@### #
+..._§§.'.##..##.#
#≈≈§.≈§≈####..##.#
#≈≈§§≈§≈# #..##D####$.
.$# ##≈§.≈≈##
#...D....#$. .$#
###+#######D####.###$.
.$# ...............#$.
.$#
#########.##.###..#..
#.##.# .D.


You could see a fire dragon and an ice dragon.

Vanquished Creatures
  Snorg (D:10)
  A hydra (D:12)
  3 two-headed ogres
  A fire crab (shapeshifter) (D:10)
  5 centaur warriors
  2 cyclopes
  A deep elf mage (D:10)
  An ugly thing (D:10)
  2 kobold demonologists (D:10)
  A komodo dragon (D:9)
  A harpy zombie (D:11)
  A troll (D:10)
  A harpy skeleton (D:11)
  2 hornets
  A meliai zombie (D:10)
  3 hippogriffs
  A dream sheep (D:7)
  Grum (D:9)
  A yak (shapeshifter) (D:12)
  A wyvern (D:10)
  Sigmund (D:2)
  3 yaks (D:8)
  A basilisk (D:8)
  A vampire (D:10)
  A hungry ghost (D:12)
  A water moccasin (D:7)
  2 crocodiles
  3 porcupines (D:7)
  8 orc warriors
  2 soldier ants
  2 sky beasts
  3 black bears
  3 ogres
  4 wolves (D:9)
  2 kobold brigands (D:10)
  5 bullfrogs
  4 centaurs
  A scorpion (D:7)
  3 killer bees (D:8)
  3 wights (D:7)
  2 howler monkeys (D:12)
  4 orc priests
  6 crimson imps
  A quasit (D:8)
  A hound (D:8)
  7 orc wizards
  3 iguanas
  Ijyb (D:5)
  A killer bee zombie (D:8)
  7 worker ants
  A howler monkey zombie (D:5)
  A gnoll (D:5)
  6 adders
  3 shadow imps
  2 oozes
  2 adder skeletons
  3 worms
  A dart slug (D:1)
  6 leopard geckos
  37 orcs
  A ball python (D:2)
  3 giant cockroaches
  13 hobgoblins
  7 quokkas
  3 bats
  5 frilled lizards
  3 goblins (D:1)
  6 kobolds
  7 rats
227 creatures vanquished.

Vanquished Creatures (collateral kills)
  A hydra (D:12)
  A centaur warrior (D:10)
  The ghost of Rhok the Nimble, a novice DrHu of Hepliaklqana (D:5)
  An unseen horror (D:8)
  A wolf spider zombie (D:12)
  A troll (D:8)
  A harpy skeleton (D:12)
  A hippogriff (D:8)
  A yak (D:8)
  A crocodile (D:10)
  An acid dragon (D:8)
  An orc warrior (D:9)
  A hornet zombie (D:12)
  3 phantoms
  2 sky beasts
  2 bullfrogs
  2 scorpions
  2 killer bees (D:8)
  A wight (D:7)
  2 howler monkeys
  An orc priest (D:4)
  A crimson imp (D:10)
  3 quasits (D:5)
  A jelly (D:6)
  7 orc wizards
  A hound (D:6)
  An iguana (D:6)
  A worker ant (D:5)
  A killer bee zombie (D:8)
  2 gnolls (D:5)
  3 adders
  A leopard gecko (D:2)
  7 orcs
  A bat (D:2)
  A kobold (D:10)
  A quokka (D:4)
60 creatures vanquished.

Vanquished Creatures (others)
  4 dream sheep (D:7)
  An orc wizard (D:8)
  6 hexers
  An ancestor (D:2)
  An orc (D:8)
13 creatures vanquished.

Grand Total: 300 creatures vanquished

Notes
Turn   | Place    | Note
-------+----------+-------------------------------------------
     0 | D:1      | kosoiffoigrumme1174 the Vine Stalker Monk began the quest
                  | for the Orb.
     0 | D:1      | Reached XP level 1. HP: 13/13 MP: 3/3
   107 | D:1      | Reached XP level 2. HP: 18/18 MP: 4/4
   121 | D:1      | Reached skill level 1 in Unarmed Combat
   327 | D:1      | Reached XP level 3. HP: 23/23 MP: 2/5
   954 | D:2      | Found a shimmering blue altar of Sif Muna.
   954 | D:2      | Found a corrupted altar of Lugonu.
   965 | D:2      | Found an ornate altar of the Wu Jian Council.
   975 | D:2      | Found a hazy altar of Hepliaklqana.
  1259 | D:2      | Reached XP level 4. HP: 15/28 MP: 3/6
  1285 | D:2      | Became a worshipper of Hepliaklqana the Forgotten
  1285 | D:2      | Reached * piety under Hepliaklqana
  1285 | D:2      | Reached ** piety under Hepliaklqana
  1377 | D:2      | Noticed Sigmund
  1563 | D:2      | Found a sparkling altar of Nemelex Xobeh.
  1685 | D:2      | Killed Sigmund
  1686 | D:2      | Reached XP level 5. HP: 21/29 MP: 5/7
  1723 | D:2      | Remembered your ancestor Londisizwe as a hexer
  1812 | D:3      | Gained mutation: You have razor-sharp teeth. [Vine Stalker
                  | growth]
  1812 | D:3      | Reached XP level 6. HP: 30/34 MP: 6/8
  1908 | D:3      | Reached skill level 5 in Dodging
  2843 | D:4      | Found a blossoming altar of Fedhas.
  3015 | D:4      | Reached XP level 7. HP: 39/39 MP: 9/9
  3225 | D:4      | Found a glowing golden altar of the Shining One.
  3616 | D:5      | Entered Level 5 of the Dungeon
  3625 | D:5      | Reached skill level 5 in Fighting
  3637 | D:5      | Noticed a hippogriff
  3642 | D:5      | Reached *** piety under Hepliaklqana
  3650 | D:5      | Killed a hippogriff
  3651 | D:5      | Reached skill level 5 in Unarmed Combat
  3651 | D:5      | Gained mutation: Your bite disrupts and absorbs the magic
                  | of your enemies. [Mana Stalker growth]
  3651 | D:5      | Gained mutation: You are resistant to hostile enchantments.
                  | (MR+) [Mana Stalker growth]
  3651 | D:5      | Reached XP level 8. HP: 37/45 MP: 9/10
  3736 | D:5      | Found Ajyrus's Weapon Boutique.
  3815 | D:5      | Found a transporter.
  3892 | D:5      | Noticed Rhok's ghost (novice DrHu)
  3897 | D:5      | Found a transporter.
  4047 | D:5      | Reached skill level 3 in Invocations
  4082 | D:5      | Noticed Ijyb
  4091 | D:5      | Killed Ijyb
  4323 | D:5      | Lost dexterity.
  4325 | D:5      | Killed Rhok's ghost
  4326 | D:5      | Reached skill level 6 in Invocations
  4326 | D:5      | Reached XP level 9. HP: 15/49 MP: 3/15
  4408 | D:5      | Lost dexterity.
  4510 | D:6      | Reached skill level 7 in Invocations
  4534 | D:6      | Got a fading ring mail
  4651 | D:6      | Found a staircase to the Ecumenical Temple.
  4988 | D:6      | Reached skill level 8 in Invocations
  5222 | D:6      | Identified the +4 ring mail of the Other Side {*Slow +Blink
                  | Int+5 Dex+2} (You found it on level 6 of the Dungeon)
  5357 | D:7      | Reached **** piety under Hepliaklqana
  5412 | D:7      | Found a hide-covered altar of Uskayaw.
  5507 | D:7      | Reached skill level 9 in Invocations
  5634 | D:7      | Found a staircase to the Lair.
  5663 | D:7      | Found a burning altar of Makhleb.
  5690 | D:7      | Noticed a hornet
  5698 | D:7      | Killed a hornet
  5699 | D:7      | Reached skill level 10 in Invocations
  5699 | D:7      | Reached XP level 10. HP: 28/54 MP: 18/18
  6057 | D:7      | Found a shimmering altar of Xom.
  6309 | D:8      | Noticed a two-headed ogre
  6355 | D:6      | HP: 2/54 [poisoned by a hornet]
  6616 | D:7      | Killed a two-headed ogre
  6720 | D:8      | Noticed a centaur warrior
  6735 | D:8      | Killed a centaur warrior
  6736 | D:8      | Reached XP level 11. HP: 35/61 MP: 16/19
  6746 | D:8      | Killed an unseen horror
  6853 | D:8      | Noticed a centaur warrior
  6865 | D:8      | Killed a centaur warrior
  6894 | D:8      | Found an iron altar of Okawaru.
  6949 | D:8      | Identified the +5 chain mail "Qeilaj" {*Drain rPois Regen+}
  7041 | D:8      | Found a white marble altar of Elyvilon.
  7357 | D:8      | Found a staircase to the Orcish Mines.
  7542 | D:9      | Noticed Grum
  7572 | D:9      | Killed Grum
  7608 | D:9      | Noticed a two-headed ogre
  7616 | D:9      | Killed a two-headed ogre
  8520 | D:10     | Entered Level 10 of the Dungeon
  8535 | D:10     | Reached skill level 10 in Dodging
  8593 | D:10     | Noticed a centaur warrior
  8603 | D:10     | Killed a centaur warrior
  8633 | D:10     | Noticed a soul eater
  8640 | D:10     | Gained mutation: You are highly resistant to hostile
                  | enchantments. (MR++) [Mana Stalker growth]
  8640 | D:10     | Reached XP level 12. HP: 43/68 MP: 9/20
  8652 | D:10     | Reached skill level 10 in Unarmed Combat
  9000 | D:10     | Noticed a centaur warrior
  9007 | D:10     | Killed a centaur warrior
  9008 | D:10     | Reached skill level 10 in Fighting
  9043 | D:10     | Noticed Snorg
  9051 | D:10     | Killed Snorg
  9120 | D:10     | Reached skill level 11 in Invocations
  9423 | D:11     | Got a masterwork quarterstaff
  9444 | D:11     | Reached ***** piety under Hepliaklqana
  9569 | D:11     | Got a pair of steaming boots
  9681 | D:11     | Found a gate leading to a gauntlet.
  9683 | D:11     | Noticed a centaur warrior
  9695 | D:11     | Killed a centaur warrior
  9864 | D:12     | Entered Level 12 of the Dungeon
  9909 | D:12     | Noticed a two-headed ogre
  9913 | D:12     | Killed a two-headed ogre
  9914 | D:12     | Reached skill level 12 in Invocations
  9925 | D:12     | Found Lusmidgh's Luxury Loot.
  9985 | D:12     | Identified the +0 pair of boots of Experimentation {*Slow
                  | rElec rPois Str+2} (You found it on level 11 of the
                  | Dungeon)
  9990 | D:12     | Noticed a six-headed hydra
 10003 | D:12     | Killed a six-headed hydra
 10033 | D:12     | Identified the +2 quarterstaff of Ypek {holy, +Rage} (You
                  | found it on level 11 of the Dungeon)
 10043 | D:12     | Noticed a centaur warrior
 10056 | D:12     | Killed a centaur warrior
 10057 | D:12     | Reached skill level 13 in Invocations
 10080 | D:12     | Noticed a seven-headed hydra
 10093 | D:12     | Killed a seven-headed hydra
 10094 | D:12     | Reached XP level 13. HP: 32/73 MP: 16/23
 10129 | D:12     | Found a shattered altar of Ashenzari.
 10162 | D:12     | Noticed a fire dragon
 10166 | D:12     | Noticed an ice dragon
 10186 | D:12     | Killed from afar by an ice dragon

Skill      XL: |  1  2  3  4  5  6  7  8  9 10 11 12 |
---------------+-------------------------------------+-----
Unarmed Combat | 1 3 4 5 6 8 9 10 | 10.0
Fighting       | 3 4 5 6 7 9 10 | 10.0
Dodging        | 4 5 6 8 10 | 10.0
Invocations    | 6 10 13 | 13.3
Axes           | |  2.6
Stealth        | |  3.1
Evocations     | |  0.2

Action                   |  1- 3 |  4- 6 |  7- 9 | 10-12 | 13-15 || total
-------------------------+-------+-------+-------+-------+-------++-------
Melee: Hand axe          |   122 |    20 |       |       |       ||   142
       Bite              |     9 |    10 |    60 |   244 |     4 ||   327
       Short sword       |     2 |       |       |       |       ||     2
       Punch             |     1 |     2 |     4 |    27 |       ||    34
       War axe           |       |    71 |   214 |       |       ||   285
       Dagger            |       |       |   103 |   469 |     5 ||   577
       Quarterstaff      |       |       |       |    10 |       ||    10
Throw: Throwing net      |       |     1 |       |       |       ||     1
       Tomahawk          |       |       |     3 |    35 |     3 ||    41
Invok: Ancestor Life: He |       |     1 |       |       |       ||     1
       Recall Ancestor   |       |       |     3 |     7 |       ||    10
       Incarnate         |       |       |       |     1 |       ||     1
  Use: Scroll            |     2 |     2 |     1 |     6 |       ||    11
 Stab: Sleeping          |     3 |     5 |     2 |       |       ||    10
       Distracted        |     1 |       |     5 |     7 |       ||    13
       Confused          |       |       |       |     5 |       ||     5
  Eat: Chunk             |     4 |    10 |     9 |    21 |       ||    44
       Ration            |       |       |     3 |     3 |       ||     6
Armor: Robe              |    13 |       |       |       |       ||    13
       Ring mail         |    17 |    21 |    38 |   103 |       ||   179
       Crystal plate arm |       |       |   677 |       |       ||   677
       Chain mail        |       |       |       |   153 |       ||   153
Dodge: Dodged            |    95 |    66 |    77 |   549 |     5 ||   792
